 Seeded DCSS version 0.27.1 (webtiles) character file.

Game seed: 14036611466628663890 (custom seed)

354 oldmanjim the Shield-Bearer (level 6, -4/52 HPs)
             Began as a Minotaur Fighter on Aug 29, 2021.
             Was a Believer of Elyvilon.
             Slain by Pikel (13 damage)
             ... on level 3 of the Dungeon.
             The game lasted 00:11:37 (3037 turns).

oldmanjim the Shield-Bearer (Minotaur Fighter)      Turns: 3037, Time: 00:11:38

Health: -4/52      AC:  6    Str: 22    XL:     6   Next: 35%
Magic:  5/5        EV:  8    Int:  5    God:    Elyvilon [**....]
Gold:   84         SH: 10    Dex: 10    Spells: 5/5 levels left

rFire    . . .     SeeInvis .   a - +0 trident
rCold    . . .     Faith    +   c - +0 kite shield
rNeg     . . .     Spirit   .   j - +0 scale mail
rPois    .         Reflect  .   (helmet restricted)
rElec    .         Harm     .   (no cloak)
rCorr    .         Rampage  .   (no gloves)
Will     .....                  (no boots)
Stlth    ..........             o - amulet of faith
HPRegen  0.17/turn              (no ring)
MPRegen  0.09/turn              (no ring)

@: no status effects
A: horns 2, retaliatory headbutt
a: Renounce Religion, Lesser Healing, Heal Other, Divine Protection


You were on level 3 of the Dungeon.
You worshipped Elyvilon.
Elyvilon was pleased with you.
You visited 1 branch of the dungeon, and saw 4 of its levels.

You collected 84 gold pieces.

Inventory:

Hand Weapons
 a - a +0 trident (weapon)
 b - a +0 hunting sling
 g - a +2 dagger of speed
Missiles
 f - 107 stones (quivered)
 m - 12 bolts
 p - 25 sling bullets
 s - a throwing net
Armour
 c - a +0 kite shield (worn)
 j - a +0 scale mail (worn)
Jewellery
 o - an amulet of faith (around neck)
 r - a ring of ice
Scrolls
 i - a scroll of acquirement {unknown}
 l - 2 scrolls of amnesia {unknown}
 n - a scroll of identify {unknown}
 q - a scroll of enchant armour {unknown}
Potions
 d - 2 potions of might
 e - 2 potions of brilliance {unknown}
 h - a potion of lignification {unknown}
 k - a potion of resistance {unknown}


   Skills:
 - Level 4.0 Fighting
 + Level 6.2 Polearms
 - Level 3.6 Armour
 + Level 6.2 Shields


You had 5 spell levels left.
You didn't know any spells.
Your spell library contained the following spells:

 Spells                   Type           Power      Damage    Failure   Level
 Apportation              Tloc           0%         N/A       99%         1


Dungeon Overview and Level Annotations

Branches:
Dungeon (4/15)
 Temple: D:4-7

Altars:
Cheibriados
Elyvilon
Kikubaaqudgha
Wu Jian

Shops:
D:2 ?[(??

Annotations:
D:3 Pikel


Innate Abilities, Weirdness & Mutations

You have a pair of horns on your head.
You reflexively headbutt those who attack you in melee.


Message History

You puncture Pikel! You headbutt Pikel.
Pikel is moderately wounded.
Pikel hits you with a +1 whip of electrocution.
You puncture Pikel!
Pikel is heavily wounded.
You block Pikel's attack.
You closely miss Pikel.
Pikel is heavily wounded.
Pikel hits you with a +1 whip of electrocution.
You are electrocuted!
Pikel says, "It's all about the gold, really."
You block Pikel's attack.
You closely miss Pikel.
Pikel is heavily wounded.
Pikel hits you with a +1 whip of electrocution.
You completely miss Pikel. Your headbutt misses Pikel.
Pikel is heavily wounded.
You block Pikel's attack.
You hit Pikel but do no damage. You headbutt Pikel.
Pikel is severely wounded.
You block Pikel's attack.
You hit Pikel. Your headbutt misses Pikel.
Pikel is severely wounded.
You block Pikel's attack.
You miss Pikel.
Pikel is severely wounded.
Pikel hits you with a +1 whip of electrocution.
You are electrocuted!
You hit Pikel. Your headbutt misses Pikel.
Pikel is almost dead.
Pikel hits you but does no damage.
You are electrocuted!!
* * * LOW HITPOINT WARNING * * *
You block Pikel's attack.
You barely miss Pikel.
Pikel is almost dead.
You block Pikel's attack.
You barely miss Pikel.
Pikel is almost dead.
Pikel hits you but does no damage.
You are electrocuted!
You die...

#.#.#.#.⌠.⌠# #.'..###..'.##
.#.⌠.#..._.# #.#≈..#[.≈#..#
#.#.#.#.⌠.⌠# #.#≈≈...≈≈##.#
.⌠.#.⌠.#...# #.#≈≈≈≈≈≈≈##.#
#.#.#.#.#.## ##.#########..#
.#.⌠.#.⌠.#####..##.#<....###
###.#.#.##.....###.#.#...#
##########..######.#.....##
......''....'...@K5......>#
......##....######........#
......##....####################
......##....##.................#
♣♣.[..##....##)###############.#
♣♣....##....##.# #######.##
♣♣....########.# #.........
♣♣....# #.# #.######## ♣♣....#
#.# #.#


You could see Pikel and a lemure.

Vanquished Creatures
  A necrophage (D:2)
  A vampire bat (D:3)
  A hound (D:4)
  An iguana (D:4)
  5 gnolls
  A howler monkey skeleton (D:4)
  3 adders (D:2)
  A dart slug (D:4)
  6 orcs (D:4)
  9 ball pythons
  4 bat skeletons (D:3)
  2 bat zombies (D:3)
  7 endoplasms
  A giant cockroach (D:1)
  11 goblins
  2 hobgoblins
  5 jackals (D:1)
  5 quokkas
  3 bats
  5 frilled lizards
  7 kobolds
  5 rats
86 creatures vanquished.

Notes
Turn   | Place    | Note
-------+----------+-------------------------------------------
     0 | D:1      | oldmanjim the Minotaur Fighter began the quest for the Orb.
     0 | D:1      | Reached XP level 1. HP: 19/19 MP: 0/0
   146 | D:1      | Reached XP level 2. HP: 13/27 MP: 1/1
   527 | D:1      | Reached XP level 3. HP: 33/33 MP: 2/2
   551 | D:1      | Found a faded altar of an unknown god.
   559 | D:1      | Got Plato's Volume of Displacement
  1059 | D:2      | Found a snail-covered altar of Cheibriados.
  1159 | D:2      | Found Suuttis's Magic Scroll Shoppe.
  1234 | D:2      | Noticed a necrophage
  1240 | D:2      | Killed a necrophage
  1241 | D:2      | Reached skill level 5 in Polearms
  1241 | D:2      | Reached skill level 5 in Shields
  1241 | D:2      | Reached XP level 4. HP: 40/40 MP: 3/3
  1241 | D:2      | Reached XP level 5. HP: 46/46 MP: 4/4
  1302 | D:2      | Found Ywoahe Xelo's Armour Shop.
  1469 | D:2      | Found Recukecasm's Magic Scroll Boutique.
  1489 | D:2      | Found Kistea's Weapon Shop.
  1593 | D:2      | Found Ciliuc's Magic Scroll Emporium.
  1832 | D:3      | Found a white marble altar of Elyvilon.
  1845 | D:3      | Became a worshipper of Elyvilon the Healer
  1977 | D:3      | Found an ornate altar of the Wu Jian Council.
  2249 | D:3      | Found an ancient bone altar of Kikubaaqudgha.
  2258 | D:3      | Reached * piety under Elyvilon
  2635 | D:4      | Reached XP level 6. HP: 52/52 MP: 5/5
  2960 | D:4      | Reached ** piety under Elyvilon
  3007 | D:4      | Noticed Pikel
  3037 | D:3      | Slain by Pikel

Illustrated notes

Levels and vault maps discovered:
D:1:      elethiomel_arrival_infinity_welcomes_careful_drivers, layout_rooms,
          shapermc_ecumenical_altar_rom_forum, minmay_stone_trees_medium,
          minmay_misc_feat_five
D:2:      layout_loops_ring, basic_altar, serial_shops, shop, shop, shop, shop,
          shop, minmay_shallow_snake_nest
D:3:      layout_basic, nicolae_wu_jian_immortal_techniques,
          mainiacjoe_overflow_chevrons, kennysheep_vampire_church,
          hangedman_decor_diamond_cutter, kennysheep_generic_room_8
D:4:      layout_cave_pools, serial_shops, kennysheep_mini,
          minmay_misc_feat_plants, uniq_pikel

Skill      XL: |  1  2  3  4  5  6 |
---------------+-------------------+-----
Fighting       | 4 |  4.0
Polearms       | 3 5 6 |  6.2
Shields        | 4 5 6 |  6.2
Armour         | |  3.6

Action                   |  1- 3 |  4- 6 || total
-------------------------+-------+-------++-------
Melee: Trident           |    83 |   140 ||   223
       Headbutt          |    10 |    20 ||    30
 Fire: Hunting sling     |       |    17 ||    17
Armor: Scale mail        |    19 |    49 ||    68
Dodge: Dodged            |    19 |    35 ||    54
Block: Kite shield       |    28 |    75 ||   103
